[Event "South Australian Championship 2017"]
[Site "?"]
[Date "2017.02.07"]
[Round "1"]
[White "Turcaj, Pavel"]
[Black "Mdinaradze, Edgar"]
[Result "0-1"]
[ECO "B08"]
[WhiteElo "1713"]
[BlackElo "1956"]
[PlyCount "38"]
[EventDate "2017.??.??"]
[TimeControl "5400+90"]

1. e4 d6 2. d4 g6 3. Nf3 Nf6 4. Nc3 Bg7 5. Bc4 O-O 6. Bb3 Nc6 7. O-O Bg4 8. Be3
e5 9. d5 Ne7 10. h3 Bd7 11. Qd2 Nh5 12. Ne2 f5 13. exf5 gxf5 14. Bh6 Ng6 15.
Bxg7 Kxg7 16. Ng5 Nhf4 17. Nxf4 Nxf4 18. Ne6+ Bxe6 19. dxe6 Qg5 0-1

[Event "South Australian Championship 2017"]
[Site "?"]
[Date "2017.02.07"]
[Round "1"]
[White "Cloudsdale, Colin"]
[Black "Leaver, Kyle"]
[Result "1-0"]
[ECO "B94"]
[WhiteElo "1914"]
[BlackElo "1959"]
[PlyCount "105"]
[EventDate "2017.??.??"]
[TimeControl "5400+90"]

1. e4 c5 2. Nf3 d6 3. d4 cxd4 4. Nxd4 Nf6 5. Nc3 a6 6. Bg5 Nbd7 7. Qd2 b5 8. f3
Bb7 9. a4 bxa4 10. Nxa4 Qc7 11. Be2 e6 12. Bh4 Be7 13. Bg3 O-O 14. O-O Rfd8 15.
Nb3 Ne5 16. Na5 Bc8 17. c4 Nfd7 18. Rfc1 Nc6 19. Nxc6 Qxc6 20. Qa5 Nc5 21. Nxc5
Qxc5+ 22. Qxc5 dxc5 23. Rd1 Bb7 24. Be5 f6 25. Bc3 Rxd1+ 26. Bxd1 e5 27. Kf2
Kf7 28. Ke3 Rd8 29. Ba5 Rd4 30. Bc3 Rd8 31. Ba4 Ke6 32. Bc2 Bc8 33. Ba5 Rd4 34.
Ba4 Bb7 35. g3 g6 36. Bc3 Rd8 37. Bc2 Bf8 38. Bd3 Bh6+ 39. Ke2 f5 40. Ra5 Bf8
41. b4 Rc8 42. b5 fxe4 43. Bxe4 Bxe4 44. fxe4 axb5 45. cxb5 Rb8 46. Kd3 Bd6 47.
Kc4 h5 48. Ra6 Rc8 49. Ba5 Kd7 50. Kd5 Bb8 51. Rxg6 Ke7 52. Re6+ Kf7 53. Rc6
1-0

[Event "South Australian Championship 2017"]
[Site "?"]
[Date "2017.02.07"]
[Round "1"]
[White "Zulfic, Fedja"]
[Black "Lee, Aaron James"]
[Result "1-0"]
[ECO "A65"]
[WhiteElo "2198"]
[BlackElo "1792"]
[PlyCount "73"]
[EventDate "2017.??.??"]
[TimeControl "5400+90"]

1. d4 Nf6 2. c4 c5 3. d5 e6 4. Nc3 exd5 5. cxd5 d6 6. e4 g6 7. h3 Bg7 8. Nf3
O-O 9. Bd3 b5 10. Bxb5 Nxe4 11. Nxe4 Qa5+ 12. Nfd2 Qxb5 13. Nxd6 Qd7 14. N2c4
Qe7+ 15. Be3 Bxb2 16. Nxb2 Qxd6 17. Nc4 Qf6 18. O-O Ba6 19. Qc1 Nd7 20. Rd1
Rab8 21. Bg5 Qh8 22. Na5 Ne5 23. Nc6 Nxc6 24. dxc6 c4 25. Qf4 f5 26. Bh6 Rfe8
27. Qd6 Qc3 28. Qd5+ Kh8 29. Rac1 Qf6 30. Be3 Qe6 31. Qxe6 Rxe6 32. c7 Rc8 33.
Rd7 Rc6 34. Bf4 Kg8 35. Re1 g5 36. Ree7 Rf6 37. Bxg5 1-0

[Event "South Australian Championship 2017"]
[Site "?"]
[Date "2017.02.07"]
[Round "1"]
[White "Jordan, William"]
[Black "Sheldrick, Kevin"]
[Result "1-0"]
[ECO "A40"]
[WhiteElo "2153"]
[BlackElo "2149"]
[PlyCount "97"]
[EventDate "2017.??.??"]
[TimeControl "5400+90"]

1. c4 b6 2. Nc3 Bb7 3. e4 e6 4. d4 Bb4 5. Qc2 Qh4 6. Bd3 f5 7. g3 Qf6 8. Nge2
Nc6 9. Be3 e5 10. dxe5 Nxe5 11. O-O-O Ne7 12. f4 Nxd3+ 13. Qxd3 O-O-O 14. e5
Qf7 15. Nd5 Nxd5 16. cxd5 c6 17. Qb3 Bc5 18. Bxc5 bxc5 19. Qa3 cxd5 20. Qxc5+
Kb8 21. Qd6+ Ka8 22. Nd4 Qf8 23. Qxf8 Rhxf8 24. Kd2 Rc8 25. Rc1 Rc4 26. Rxc4
dxc4 27. Rc1 Ba6 28. Rc3 g6 29. Ra3 Kb7 30. Ra5 Rb8 31. Kc3 Kb6 32. Rd5 Kc7 33.
Nc2 Rb6 34. Nb4 Bb5 35. a4 Bxa4 36. Ra5 Bc6 37. Rxa7+ Kb8 38. Nxc6+ dxc6 39.
Rxh7 Rb3+ 40. Kxc4 Rxb2 41. Kc5 Rc2+ 42. Kd6 Kc8 43. e6 c5 44. Rh8+ Kb7 45. e7
Rd2+ 46. Kxc5 Rc2+ 47. Kd6 Rd2+ 48. Ke6 Re2+ 49. Kf6 1-0

[Event "South Australian Championship 2017"]
[Site "?"]
[Date "2017.02.07"]
[Round "1"]
[White "Courtney, Michael"]
[Black "Kiripitige, Punala"]
[Result "1/2-1/2"]
[ECO "C77"]
[WhiteElo "1770"]
[BlackElo "1745"]
[PlyCount "163"]
[EventDate "2017.??.??"]
[SourceDate "2017.02.13"]
[TimeControl "5400+90"]

1. e4 e5 2. Nf3 Nc6 3. Bb5 a6 4. Ba4 Nf6 5. O-O b5 6. Bb3 Bc5 7. d3 O-O 8. c3
d5 9. exd5 Nxd5 10. Nbd2 Nf6 11. Re1 Bg4 12. h3 Bh5 13. Qe2 Re8 14. Ne4 Bb6 15.
Bg5 Bg6 16. Rad1 Na5 17. Bc2 Qe7 18. Nxf6+ gxf6 19. Be3 Bxe3 20. Qxe3 c5 21.
Nh4 f5 22. Nxg6 hxg6 23. Re2 Rad8 24. Rde1 Nc6 25. Bb3 Kg7 26. f4 Qd6 27. Qf3
c4 28. dxc4 bxc4 29. Ba4 e4 30. Qe3 Qe6 31. Qc5 Rd6 32. Bxc6 Rxc6 33. Qd4+ Qf6
34. Rd1 Ree6 35. Kf2 Kh6 36. Qxf6 Rxf6 37. Red2 g5 38. Ke3 Rb6 39. fxg5+ Kxg5
40. g3 Rh6 41. h4+ Kg4 42. Rf1 Rhf6 43. Rdf2 Rb5 44. Rf4+ Kxg3 45. Rg1+ Kh2 46.
Rg5 Rd5 47. Rf2+ Kh3 48. Kf4 Rd3 49. h5 Rc6 50. Rg1 Rf3+ 51. Rxf3+ exf3 52.
Kxf3 Kh4 53. Kf4 Kxh5 54. Kxf5 Kh6 55. Rg4 Rb6 56. Rxc4 Rxb2 57. Rc6+ Kh5 58.
Rxa6 Rf2+ 59. Ke4 Kg4 60. a4 f5+ 61. Ke5 Re2+ 62. Kd4 f4 63. a5 f3 64. Rf6 Kg3
65. a6 f2 66. a7 Ra2 67. Ke3 Rxa7 68. Rf3+ Kg4 69. Rxf2 Re7+ 70. Kd4 Rd7+ 71.
Kc4 Rc7+ 72. Kd3 Rd7+ 73. Kc2 Rc7 74. Rf6 Kg5 75. Rf3 Kg4 76. Rf8 Kg5 77. Rd8
Kf5 78. Kd3 Ke5 79. c4 Rc6 80. Rd5+ Ke6 81. Kd4 Rd6 82. Kc5 1/2-1/2

[Event "2017 South Australian Championship"]
[Site "?"]
[Date "2017.03.14"]
[Round "6"]
[White "Jordan, William"]
[Black "Zulfic, Fedja"]
[Result "1-0"]
[BlackElo "2198"]
[ECO "B27"]
[EventDate "2017.03.14"]
[TimeControl "5400+30"]
[WhiteElo "2153"]

1. e4 c5 2. Nf3 g6 3. c3 d6 4. d4 Nf6 5. dxc5 Nc6 6. Bd3 dxc5 7. O-O Bg4 8. h3
Bxf3 9. Qxf3 Bg7 10. Bb5 Qb6 11. Na3 O-O 12. Qe2 a6 13. Bd3 Qc7 14. f4 b5 15.
Be3 c4 16. Bc2 Rad8 17. Nb1 Rd7 18. Nd2 Rfd8 19. a4 e5 20. axb5 axb5 21. f5 Nh5
22. Qf2 Nd4 23. Bd1 Nf4 24. cxd4 Nd3 25. Qh4 exd4 26. Bg5 Nxb2 27. Bg4 h5 28.
fxg6 fxg6 29. Bxd7 Rxd7 30. Bf6 Na4 31. Qg5 Kh7 32. Qxb5 Nc3 33. Qxc4 Qg3 34.
Rf3 Qb8 35. Bxg7 Rxg7 36. Raf1 Qb2 37. Qd3 Qa2 38. e5 Qd5 39. Re1 Kh6 40. e6
Qg5 41. Qxd4 Nd5 42. Re5  1-0

[Event "2017 South Australian Championship"]
[Site "?"]
[Date "2017.03.17"]
[Round "6"]
[White "Mdinaradze, Edgar"]
[Black "Sheldrick, Kevin"]
[Result "1-0"]
[BlackElo "2149"]
[ECO "D08"]
[EventDate "2017.03.17"]
[TimeControl "5400+30"]
[WhiteElo "1956"]

1. d4 d5 2. c4 e5 3. dxe5 d4 4. Nf3 Nc6 5. Nbd2 Bg4 6. Nb3 Bb4+ 7. Bd2 Qe7 8.
Bxb4 Qxb4+ 9. Qd2 Qxd2+ 10. Nbxd2 Nge7 11. h3 Bxf3 12. gxf3 Ng6 13. h4 O-O 14.
h5 Ngxe5 15. f4 Ng4 16. a3 Rfe8 17. Bh3 Nf6 18. Bf5 d3 19. e3 Rad8 20. O-O-O g6
21. hxg6 hxg6 22. Rdg1 a5 23. Bg4 Nxg4 24. Rxg4 Kg7 25. b3 Rd6 26. Rgh4 Kf6 27.
Kb2 Rd7 28. Kc3 a4 29. b4 b5 30. Rd1 Re6 31. Rhh1 Kf5 32. Rhg1 bxc4 33. Rg5+
Kf6 34. Nxc4 Rd8 35. Rxd3 Rh8 36. b5 Ne7 37. Rc5 Rh2 38. Rd2 c6 39. Ne5 Rh1 40.
Kb2 cxb5 41. Rxb5 Nf5 42. Rb4 Rh8 43. Nd7+ Kg7 44. Nc5 Rc6 45. Nxa4 Nd6 46. Rc2
Rxc2+ 47. Kxc2 Rh2 48. Kd3 Rxf2 49. Nc3 Rf1 50. a4 Rh1 51. a5 Rh8 52. a6 Ra8
53. Ra4 Ra7 54. e4 Kf8 55. e5 Nc8 56. Nb5 Ra8 57. a7 Ke7 58. Ra6 Kd7 59. Kc4
Ne7 60. Rd6+ Kc8 61. Kc5 Ng8 62. Kb6 Ne7 63. Rd2 g5 64. Nd6+ Kd7 65. Nxf7+ Ke6
66. Nxg5+ Kf5 67. Kb7  1-0

[Event "2017 South Australian Championship"]
[Site "?"]
[Date "2017.03.17"]
[Round "6"]
[White "Leaver, Kyle"]
[Black "Lee, Aaron"]
[Result "1-0"]
[BlackElo "1792"]
[ECO "A67"]
[EventDate "2017.03.17"]
[TimeControl "5400+30"]
[WhiteElo "1959"]

1. d4 Nf6 2. c4 c5 3. d5 e6 4. Nc3 exd5 5. cxd5 d6 6. e4 g6 7. f4 Bg7 8. Bb5+
Nfd7 9. a4 O-O 10. Nf3 Na6 11. O-O Nb4 12. Re1 a6 13. Bf1 Re8 14. h3 f5 15. Qb3
fxe4 16. Nxe4 Nf6 17. Nxf6+ Bxf6 18. Rxe8+ Qxe8 19. Bd2 Qe4 20. Rc1 Bd7 21. Rc4
Qe8 22. Bxb4 b5 23. Rc2 bxa4 24. Qa3 cxb4 25. Qxb4 Qb8 26. Qa5 Bxb2 27. Ng5 Bf6
28. Ne6 Bb5 29. Qe1 Qb6+ 30. Kh2 Re8 31. Qb4 Rb8 32. Bxb5 axb5 33. Rc6 Qa7 34.
Qxd6 a3 35. Rc7 Qxc7 36. Nxc7 Bg7 37. Qxa3 b4 38. Qb3 Bh6 39. d6+  1-0

[Event "2017 South Australian Championship"]
[Site "?"]
[Date "2017.03.17"]
[Round "6"]
[White "Turcaj, Pavel"]
[Black "Kiripitige, Punala"]
[Result "0-1"]
[BlackElo "1745"]
[ECO "B72"]
[EventDate "2017.03.17"]
[TimeControl "5400+30"]
[WhiteElo "1713"]

1. e4 c5 2. Nf3 g6 3. d4 cxd4 4. Nxd4 Bg7 5. Nc3 Nc6 6. Be3 d6 7. Bc4 Nf6 8. O-O
O-O 9. Bb3 Na5 10. Ba4 Nc4 11. Qc1 a6 12. Bb3 Nxe3 13. Qxe3 Ng4 14. Qd2 Bd7 15.
h3 Ne5 16. Rad1 b5 17. Bd5 Rc8 18. Bb7 Rc4 19. b3 Rxd4 20. Qxd4 Nf3+ 21. gxf3
Bxd4 22. Rxd4 Bxh3 23. Rfd1 e5 24. R4d3 Qg5+  0-1

[Event "2017 South Australian Championship"]
[Site "?"]
[Date "2017.03.17"]
[Round "6"]
[White "Cloudsdale, Colin"]
[Black "Courtney, Michael"]
[Result "0-1"]
[BlackElo "1770"]
[ECO "B12"]
[EventDate "2017.03.17"]
[TimeControl "5400+30"]
[WhiteElo "1914"]

1. e4 c6 2. d4 d5 3. e5 Bf5 4. Nf3 e6 5. Bd3 Bxd3 6. Qxd3 Nd7 7. O-O Be7 8. Re1
Qc7 9. c3 Rc8 10. Ng5 Bxg5 11. Bxg5 h6 12. Qh3 Nf8 13. Nd2 Ng6 14. Be3 N8e7 15.
f4 Nf5 16. b4 Qd7 17. a4 O-O 18. Nf1 b6 19. Bd2 c5 20. g4 Nfe7 21. Ng3 cxd4 22.
cxd4 Rc4 23. f5 Rxd4 24. Be3 Nf4 25. Qf1 Rxb4 26. Bxf4 exf5 27. g5 Ng6 28. Bd2
Rg4 29. gxh6 f4 30. hxg7 Re8 31. Qb5 Qe6 32. Ra3 fxg3 33. hxg3 Kxg7 34. Qe2 Re4
35. Qf2 Rxe1+ 36. Qxe1 Nxe5 37. Kg2 Nc4 38. Bc3+ Kg6 39. Ra1 Qxe1 40. Rxe1 Rxe1
41. Bxe1 Kf5 42. Kf3 Ke5  0-1